 Dungeon Crawl Stone Soup version 0.31.0-4-g52a2dc7128 (webtiles) character file.

Game seed: 12252298927511018334

196 Sweeb the Insei (level 5, -19/35 HPs)
             Began as an Octopode Shapeshifter on Jan 22, 2024.
             Demolished by an ogre
             ... wielding a +0 giant club
              (24 damage)
             ... on level 4 of the Dungeon.
             The game lasted 00:05:50 (2436 turns).

Sweeb the Insei (Octopode Shapeshifter)             Turns: 2436, Time: 00:05:51

Health: -19/35     AC:  1    Str: 13    XL:     5   Next: 75%
Magic:  5/5        EV: 13    Int: 13    God:
Gold:   77         SH:  0    Dex: 13    Spells: 4/4 levels left

rFire   . .          .
                       - Unarmed
rCold   . . .        (no shield)
rNeg    . . .        (helmet currently unavailable)
rPois   .            (no amulet)
rElec   .            (no ring)
rCorr   .            (no ring)
SInv    .            (no ring)
Will    .....        (no ring)
Stlth   +++          (no ring)
HPRegen 0.25/turn    (no ring)
MPRegen 0.09/turn    (no ring)
                     (no ring)

%: no passive effects
@: beast-form
A: beast (slay +2), almost no armour, amphibious, 8 rings, camouflage 1,
gelatinous body 1, (nimble swimmer 1), tentacles
a: Begin Untransformation


You were on level 4 of the Dungeon.
You were a hulking beast.
You visited 1 branch of the dungeon, and saw 4 of its levels.

You collected 77 gold pieces.

Inventory:

Talismans
 b - a beast talisman (active)
 c - a flux talisman
Wands
 r - a wand of flame (11)
 s - a wand of roots (8)
Scrolls
 d - 2 scrolls of noise
 i - 2 scrolls of teleportation
Potions
 a - 2 potions of lignification
 h - a potion of curing
 j - a potion of might
 l - a potion of attraction {unknown}
 n - a potion of heal wounds {unknown}
 o - a potion of cancellation {unknown}
 t - a potion of enlightenment {unknown}


   Skills:
 + Level 2.6 Fighting
 + Level 3.0 Dodging
 + Level 3.0 Stealth
 + Level 3.8 Unarmed Combat
 + Level 3.7 Shapeshifting


You had 4 spell levels left.
You didn't know any spells.
Your spell library contained the following spells:

 Spells                   Type           Power      Damage    Failure   Level
 Sting                    Conj/Alch      0%         1d3       30%         1
 Ensorcelled Hibernation  Hex/Ice        0%         N/A       43%         2
 Mercury Vapours          Alch/Air       0%         N/A       43%         2
 Fugue of the Fallen      Necr           0%         N/A       67%         3
 Anguish                  Hex/Necr       0%         N/A       97%         4
 Manifold Assault         Tloc           0%         N/A       97%         4
 Olgreb's Toxic Radiance  Alch           0%         N/A       97%         4
 Dispersal                Tloc           0%         N/A       100%        6
 Disjunction              Tloc           0%         N/A       100%        8


Dungeon Overview and Level Annotations

Branches:
Dungeon (4/15)
 Temple: D:4-7

Altars:

Annotations:
D:4 Dowan, Duvessa


Innate Abilities, Weirdness & Mutations

You are a hulking beast.
Your limbs bulge with bestial killing power. (Slay +2)
You cannot wear most types of armour.
You are amphibious.
You can wear up to eight rings at the same time.
Your skin changes colour to match your surroundings (Stealth+).
Your rubbery body absorbs attacks. (AC +1, EV +1)
((You are camouflaged when in or above water. (Stealth+)))
You have tentacles for arms and can constrict up to eight enemies at once.


Message History

There is a stone staircase leading down here.
You climb downwards.
Level annotation: Dowan, Duvessa
Found a stone staircase leading down.
There is a stone staircase leading up here.
A jackal comes into view.
A jackal comes into view.
A jackal comes into view.
The jackal barks!
A jackal comes into view.
The jackal barks! x3
You tentacle-slap the jackal. Your grab misses the jackal.
You squeeze the jackal.
You kill the jackal!
The jackal barely misses you.
You barely miss the jackal. You grab the jackal. You squeeze the jackal.
You kill the jackal!
The jackal closely misses you.
You barely miss the jackal. You grab the jackal. You tentacle-slap the jackal.
You kill the jackal!
You closely miss the jackal. You grab the jackal. You squeeze the jackal.
You kill the jackal!
You see here a jackal corpse.
A ball python comes into view.
You catch the helpless ball python completely off-guard!
You tentacle-slap the ball python.
You kill the ball python!
You see here a ball python corpse.
An ogre comes into view. It is wielding a +0 giant club.
The helpless ogre fails to defend itself.
You tentacle-slap the ogre. You squeeze the ogre.
The ogre is moderately wounded.
The ogre hits you with a +0 giant club!!
Ouch! That really hurt!
* * * LOW HITPOINT WARNING * * *
You barely miss the ogre.
The ogre is moderately wounded.
The ogre hits you with a +0 giant club!!
Ouch! That really hurt!
You die...

#.####.###.#
#.#....##...
#.#.#####...
#.#.#####††#
#.#.##.....#
#†#.##.##.##
#######.#.## #.#.
#.......#.. #..<
#h####### ## #...
#O##....#.........
#.##.##.#.######.#
#.##. .# ..# #....
.# #.## #.### .#.
#. #.# .#.# #. ..#
#.


You could see an ogre.

Vanquished Creatures
  A hound (D:3)
  Ijyb (D:3)
  An orc wizard (D:3)
  Robin (D:2)
  2 adders
  5 ribbon worms (D:2)
  5 orcs
  7 ball pythons
  4 bats
  2 endoplasms (D:3)
  8 giant cockroaches
  7 goblins
  5 hobgoblins
  4 jackals (D:4)
  7 kobolds
  2 quokkas
  2 frilled lizards
  3 rats
67 creatures vanquished.

Notes
Turn   | Place    | Note
-------+----------+-------------------------------------------
     0 | D:1      | Sweeb the Octopode Shapeshifter began the quest for the
                  | Orb.
     0 | D:1      | Reached XP level 1. HP: 13/13 MP: 1/1
   110 | D:1      | Found a faded altar of an unknown god.
   173 | D:1      | Reached XP level 2. HP: 13/18 MP: 2/2
   233 | D:1      | Reached skill level 1 in Stealth
   655 | D:2      | Reached XP level 3. HP: 15/23 MP: 3/3
   917 | D:2      | You fall into a shaft and drop 2 floors!
   923 | D:4      | Noticed Dowan
   924 | D:4      | Noticed a phantom
   981 | D:3      | Noticed Ijyb
  1001 | D:3      | Reached XP level 4. HP: 20/29 MP: 4/4
  1363 | D:2      | Noticed Robin
  1373 | D:2      | Killed Robin
  1376 | D:2      | Reached XP level 5. HP: 18/34 MP: 5/5
  1993 | D:3      | Killed Ijyb
  2314 | D:4      | Noticed Duvessa
  2433 | D:4      | Noticed an ogre
  2436 | D:4      | Demolished by an ogre

Illustrated notes

Levels and vault maps discovered:
D:1:      minmay_arrival_shoal_huts, layout_basic,
          shapermc_ecumenical_altar_mp_urbaneastern, minmay_worlds_worst_comb
D:2:      layout_loops_ring, minmay_fountain_box, uniq_robin
D:3:      layout_rooms, uniq_ijyb
D:4:      layout_cave_pools, kennysheep_vampire_church,
          minmay_temple_entry_sparse_star, serial_co_window_serial,
          co_window_of_opportunity_a, co_window_of_opportunity_a,
          co_window_paths_a, co_window_corner_a, co_window_paths_a,
          co_window_paths_a, co_window_cross_3, co_window_of_opportunity_b,
          co_window_unsneaky_path_c, co_window_of_opportunity_c,
          co_window_4corner_b, glass_columns_b, glass_columns_b,
          glass_columns_c, uniq_crazy_yiuf_cottage, uniq_natasha, uniq_duvessa

Skill      XL: |  1  2  3  4  5 |
---------------+----------------+-----
Stealth        | 1 2 3 |  3.0
Fighting       | 2 |  2.6
Dodging        | 3 |  3.0
Unarmed Combat | |  3.8
Shapeshifting  | |  3.7

Action                     |  1- 3 |  4- 6 || total
---------------------------+-------+-------++-------
  Melee: Unarmed           |    71 |    70 ||   141
         Constrict         |    15 |    19 ||    34
         Punch             |     2 |     2 ||     4
         Tentacles         |     6 |    20 ||    26
    Use: Scroll            |       |    11 ||    11
   Stab: Sleeping          |     9 |     4 ||    13
         Distracted        |       |     1 ||     1
 Armour: Skin              |    36 |    31 ||    67
  Dodge: Dodged            |    38 |    35 ||    73
   Form: Beast             |     1 |       ||     1
